 Dungeon Crawl Stone Soup version 0.26-a0-812-g31a745ddcd (webtiles) character file.

Game seed: 6405084548158754267

863 GarethBryne the Archer (level 8, -2/48 HPs)
             Began as a Tengu Hunter on Nov 14, 2020.
             Killed from afar by a white imp (9 damage)
             ... with a puff of frost
             ... on level 5 of the Dungeon.
             The game lasted 00:19:12 (4430 turns).

GarethBryne the Archer (Tengu Hunter)               Turns: 4430, Time: 00:19:12

Health: -2/48      AC:  7    Str: 14    XL:     8   Next: 3%
Magic:  9/9        EV: 15    Int: 12    God:
Gold:   236        SH:  0    Dex: 15    Spells: 7/7 levels left

rFire    . . .     SeeInvis .   w - +3 quarterstaff (chaos)
rCold    . . .     Faith    .   (shield currently unavailable)
rNeg     . . .     Spirit   .   c - +0 leather armour
rPois    .         Reflect  .   (helmet restricted)
rElec    .         Harm     .   y - +0 cloak
rCorr    .         Rampage  .   k - +2 pair of gloves
MR       .....                  (boots unavailable)
Stlth    ++........             (no amulet)
HPRegen  0.16/turn              (no ring)
MPRegen  0.11/turn              (no ring)

@: flying quickly and evasively, quick
A: beak, talons 3, able to fly
a: Stop Flying


You were on level 5 of the Dungeon.
You visited 1 branch of the dungeon, and saw 5 of its levels.

You collected 264 gold pieces.
You spent 28 gold pieces at shops.

Inventory:

Hand Weapons
 a - a +1 shortbow
 w - a +3 quarterstaff of chaos (weapon)
Missiles
 d - 16 arrows
Armour
 c - a +0 leather armour (worn)
 k - a +2 pair of gloves (worn)
 q - a cursed +0 buckler
 y - a +0 cloak (worn)
Jewellery
 r - an uncursed ring of fire
 u - a +6 ring of intelligence
Scrolls
 e - a scroll of blinking {unknown}
 f - 3 scrolls of teleportation
 j - 2 scrolls of amnesia {unknown}
 l - 2 scrolls of magic mapping {unknown}
 n - 2 scrolls of enchant weapon {unknown}
 o - 2 scrolls of fog {unknown}
 p - 2 scrolls of remove curse
 z - a scroll of enchant armour {unknown}
Potions
 b - a potion of lignification {unknown}
 g - a potion of brilliance
 h - a potion of attraction
 i - 2 potions of mutation
 s - 2 potions of flight
 t - a potion of haste {unknown}
 v - a potion of heal wounds {unknown}
 x - a potion of ambrosia {unknown}
 A - a potion of might {unknown}


   Skills:
 * Level 4.5 Fighting
 + Level 2.1 Staves
 * Level 8.7 Bows
 + Level 2.0 Armour
 + Level 2.3 Dodging
 + Level 1.3 Stealth
   Level 1.1 Evocations


You had 7 spell levels left.
You didn't know any spells.
Your spell library was empty.

Dungeon Overview and Level Annotations

Branches:
Dungeon (5/15)
 Temple: D:4-7

Altars:
Ashenzari
Dithmenos
Kikubaaqudgha
Makhleb
Ru
Xom

Shops:
D:4 =


Innate Abilities, Weirdness & Mutations

You have a beak for a mouth.
You have claws for feet.
You can fly continuously.


Message History

You start resting.
A white imp is nearby!
You start resting.
You hear the slow rusting of a distant drain.
You start resting.
A white imp is nearby!
You start resting.
A white imp is nearby!
You hit the white imp. You burn the white imp. You claw the white imp.
The white imp is heavily wounded.
The white imp closely misses you. The white imp hits you.
* * * LOW HITPOINT WARNING * * *
The white imp freezes you.
* * * LOW HITPOINT WARNING * * *
You closely miss the white imp. Your kick misses the white imp.
You peck the white imp.
The white imp is severely wounded.
The white imp gestures at you. The puff of frost hits you!
You die...

##.....#####..
#.......#.....
####.............
##..........$.....
###.............#...
#[.......5##........
#.#.......##........
#...†#†...#...#.....
#....##...#@###......
##........5.##....(...
##.........#...##....
#.##........#.#...#
#####.##.........# .
####..†......###..
#...............
#...............
##........>.....


You could see a white imp.

Vanquished Creatures
  A water moccasin (D:4)
  2 ogres (D:4)
  2 scorpions
  2 hounds
  Crazy Yiuf (D:3)
  Jessica (D:3)
  Terence (D:3)
  2 orc wizards (D:4)
  5 worker ants
  4 gnolls (D:2)
  A howler monkey skeleton (D:4)
  5 adders
  An ooze (D:1)
  An adder skeleton (D:4)
  A worm (D:3)
  2 dart slugs (D:1)
  3 leopard geckos
  2 orcs (D:4)
  5 giant cockroaches
  2 goblins (D:1)
  11 hobgoblins
  6 jackals
  A quokka (D:4)
  2 ball pythons (D:2)
  10 bats
  6 frilled lizards
  9 kobolds
  A quokka skeleton (D:5)
  7 rats
97 creatures vanquished.

Notes
Turn   | Place    | Note
-------+----------+-------------------------------------------
     0 | D:1      | GarethBryne the Tengu Hunter began the quest for the Orb.
     0 | D:1      | Reached XP level 1. HP: 12/12 MP: 2/2
   115 | D:1      | Reached XP level 2. HP: 17/17 MP: 3/3
   151 | D:1      | Reached skill level 5 in Bows
   460 | D:1      | Reached XP level 3. HP: 21/21 MP: 4/4
   928 | D:2      | Found a burning altar of Makhleb.
  1058 | D:2      | Reached XP level 4. HP: 18/27 MP: 5/5
  1170 | D:2      | Reached skill level 6 in Bows
  1215 | D:2      | Found an ancient bone altar of Kikubaaqudgha.
  1252 | D:2      | Gained mutation: You can fly continuously. [Tengu growth]
  1252 | D:2      | Reached XP level 5. HP: 32/32 MP: 6/6
  2049 | D:3      | Noticed Terence
  2066 | D:3      | Killed Terence
  2067 | D:3      | Found a broken altar of Ashenzari.
  2105 | D:3      | Noticed Jessica
  2108 | D:3      | Killed Jessica
  2265 | D:3      | Found a shimmering altar of Xom.
  2313 | D:3      | Found a runed translucent door.
  2314 | D:3      | Noticed Crazy Yiuf
  2413 | D:3      | Found a shadowy altar of Dithmenos.
  2454 | D:3      | Reached skill level 7 in Bows
  2755 | D:3      | Killed Crazy Yiuf
  2755 | D:3      | Reached XP level 6. HP: 29/37 MP: 7/7
  2971 | D:4      | Reached skill level 1 in Evocations
  3144 | D:4      | Found Jates's Jewellery Shoppe.
  3158 | D:4      | Bought a cursed amulet of inaccuracy for 28 gold pieces
  3517 | D:4      | Reached skill level 1 in Staves
  3591 | D:4      | Reached XP level 7. HP: 26/42 MP: 8/8
  3780 | D:4      | Reached skill level 8 in Bows
  4038 | D:4      | Reached skill level 1 in Armour
  4322 | D:5      | Entered Level 5 of the Dungeon
  4326 | D:5      | Found a sacrificial altar of Ru.
  4397 | D:5      | Reached XP level 8. HP: 15/48 MP: 9/9
  4430 | D:5      | Killed from afar by a white imp

Illustrated notes

Levels and vault maps discovered:
D:1:      tarquinn_simple_flora_water_a, layout_loops_cross, glass_columns_a,
          minmay_hexomino_c4
D:2:      layout_basic, old_standard_altar, makhleb_heckhound_becter
D:3:      layout_basic, marbit_many_paths, nicolae_ashenzari_panopticon,
          lemuel_round_altar, uniq_jessica, uniq_terence,
          uniq_crazy_yiuf_cottage
D:4:      lemuel_upstairs_altar, layout_cave_pools, serial_shops, shop,
          minmay_misc_feat_x, minmay_misc_feat_pillars
D:5:      layout_cave_pools, portal_sewer_entry_a, basic_altar,
          eino_tiny_chamber

Skill      XL: |  1  2  3  4  5  6  7 |
---------------+----------------------+-----
Bows           | 5 6 7 8 |  8.7
Fighting       | 3 4 |  4.5
Evocations     | 1 |  1.1
Staves         | 1 2 |  2.1
Armour         | 2 |  2.0
Dodging        | |  2.3
Stealth        | |  1.3

Action                   |  1- 3 |  4- 6 |  7- 9 || total
-------------------------+-------+-------+-------++-------
Melee: Quarterstaff      |       |     9 |    40 ||    49
       Peck              |       |     3 |     7 ||    10
       Kick              |       |     2 |    11 ||    13
 Fire: Shortbow          |    87 |   167 |    13 ||   267
 Abil: Fly               |       |     1 |       ||     1
Evoke: Wand              |       |    16 |       ||    16
  Use: Scroll            |     6 |     3 |       ||     9
       Potion            |       |       |     2 ||     2
 Stab: Sleeping          |       |       |     1 ||     1
Armor: Leather armour    |     4 |    12 |     6 ||    22
Dodge: Dodged            |    23 |    39 |    25 ||    87

Table legend: (Time is in decaauts)
 A = Elapsed time spent in this place.
 B = Non-inter-level travel time spent in this place.
 C = Inter-level travel time spent in this place.
 D = Time resting spent in this place.
 E = Time spent auto-exploring this place.
 F = Levels seen in this place.
 G = Mean time per level.
                   A        B        C        D        E       F      G
               +--------+--------+--------+--------+--------+-----+--------+
         Total |   4219 |   4073 |    146 |    127 |   3012 |   5 |  843.8 |
       Dungeon |   4219 |   4073 |    146 |    127 |   3012 |   5 |  843.8 |
               +--------+--------+--------+--------+--------+-----+--------+

Top non-repeatable levels by time:
     D:4: 1210 daAuts
     D:3: 1108 daAuts
     D:1: 961 daAuts
     D:2: 869 daAuts
     D:5: 71 daAuts
